AoeStats
← Tomate

Arabia

505330665Analyzed
2v2 RM · 25d ago on Sep 8, 2026· 15m 33s· 4 players
Game mode
Random Map
Map size
Medium (4 player)
Population
200
Speed
Normal
Resources
Standard
Victory
Conquest
Starting age
Dark Age
Ending age
Imperial Age
RankedLock teamsTeams togetherTeam positionsShared explorationLock speedFull tech treeHidden civsTurbo modeCheats
Victory
Defeat
🇦🇺 Inca · Australia
1000
+14
🇦🇷 Persians · Argentina
923
+18
🇨🇱 Mongols · Chile
959
-16
🇨🇱 Inca · Chile
959
-16
Tomate
6:45 Loom
10:12 Feudal Age
17:29 Castle Age
15:33 Horse Collar
nnickk0
9:48 Feudal Age
8:31 Loom
10:18 Feudal Age
16:30 Castle Age
CapitanMOTA
9:50 Feudal Age
10:23 Horse Collar
Apex_predator
9:39 Feudal Age
9:53 Loom
Connection lost

Rejoining the realm…

Still unreachable

The connection could not be restored.

Session expired

The server has moved on; the page needs a fresh start.